 Dungeon Crawl Stone Soup version 0.27-a0-1119-gbf574a6a6b (webtiles) character file.

Game seed: 12291107860754608967

27 kodamatunes15 the Ruffian (level 3, -1/30 HPs)
             Began as a Ghoul Gladiator on May 2, 2021.
             Slain by a sky beast (6 damage)
             ... on level 2 of the Dungeon.
             The game lasted 00:05:32 (959 turns).

kodamatunes15 the Ruffian (Ghoul Gladiator)          Turns: 959, Time: 00:05:33

Health: -1/30      AC:  4    Str: 17    XL:     3   Next: 10%
Magic:  2/2        EV: 12    Int:  3    God:
Gold:   29         SH:  0    Dex: 11    Spells: 2/2 levels left

rFire    . . .     SeeInvis .     - Unarmed
rCold    + . .     Faith    .   (no shield)
rNeg     + + +     Spirit   .   a - +0 leather armour
rPois    ∞         Reflect  .   b - +0 helmet
rElec    .         Harm     .   (no cloak)
rCorr    .         Rampage  .   (no gloves)
Will     .....                  (no boots)
Stlth    +.........             (no amulet)
HPRegen  0.00/turn              (no ring)
MPRegen  0.08/turn              (no ring)

@: no status effects
A: claws 1, cold resistance 1, negative energy resistance 3, inhibited
regeneration, torment resistance 2, unbreathing 1
a: no special abilities


You were on level 2 of the Dungeon.
You visited 1 branch of the dungeon, and saw 2 of its levels.

You collected 29 gold pieces.

Inventory:

Missiles
 c - 3 throwing nets (quivered)
 e - 11 sling bullets
Armour
 a - a +0 leather armour (worn)
 b - a +0 helmet (worn)
Jewellery
 f - an amulet of magic regeneration


   Skills:
 + Level 2.3 Fighting
 + Level 1.9 Throwing
 + Level 0.2 Armour
 + Level 3.1 Dodging
 + Level 0.2 Stealth
 + Level 3.8 Unarmed Combat


You had 2 spell levels left.
You didn't know any spells.
Your spell library was empty.

Dungeon Overview and Level Annotations

Branches:
Dungeon (2/15)

Altars:


Innate Abilities, Weirdness & Mutations

You thrive by killing the living.
You are immune to poison.
You have sharp fingernails.
Your flesh is cold resistant. (rC+)
You are immune to negative energy. (rN+++)
You do not regenerate when monsters are visible.
You are immune to unholy pain and torment.
You can survive without breathing.


Message History

The ball python misses you. The ball python grabs you.
The ball python constricts you. The sky beast hits you.
The sky beast shocks you.
You scratch the ball python.
The ball python is moderately wounded.
The ball python bites you. The ball python constricts you.
The sky beast closely misses you. The ball python closely misses you.
The ball python constricts you.
You claw the ball python!
You kill the ball python!
You feel better. The sky beast hits you. The sky beast shocks you.
The hobgoblin barely misses you.
You scratch the ball python.
The ball python is heavily wounded.
The ball python closely misses you. The ball python grabs you.
The ball python constricts you. The sky beast completely misses you.
The hobgoblin hits you but does no damage.
The ball python barely misses you. The ball python constricts you.
You escape the ball python's grasp.
Found a stone staircase leading down.
You closely miss the ball python.
The ball python is heavily wounded.
The ball python barely misses you. The ball python grabs you.
The ball python constricts you. The sky beast barely misses you.
The hobgoblin hits you but does no damage.
You claw the hobgoblin!
You kill the hobgoblin!
The ball python bites you.
* * * LOW HITPOINT WARNING * * *
x2 The ball python constricts you.
The sky beast flickers out of sight!
Deactivating autopickup; reactivate with Ctrl-A.
Something hits you but does no damage.
The ball python bites you but does no damage.
The ball python constricts you.
You scratch the ball python.
You kill the ball python!
You feel better. Something hits you.
* * * LOW HITPOINT WARNING * * *
Something shocks you.
You die...

......?
#....
#.#..###
#.S..<.# #
####.#.#
..#....#.#
#........#
#......{.#
.....$.@.#
#........#
#..#.....#
#. ####.##
# #.# #.#
#.# ..>


There were no monsters in sight!

Vanquished Creatures
  4 ball pythons
  6 bats (D:1)
  An endoplasm (D:1)
  A giant cockroach (D:1)
  2 goblins (D:1)
  A hobgoblin (D:2)
  3 jackals (D:1)
  3 quokkas (D:1)
  A kobold (D:1)
22 creatures vanquished.

Notes
Turn   | Place    | Note
-------+----------+-------------------------------------------
     0 | D:1      | kodamatunes15 the Ghoul Gladiator began the quest for the
                  | Orb.
     0 | D:1      | Reached XP level 1. HP: 17/17 MP: 0/0
    67 | D:1      | Reached XP level 2. HP: 19/24 MP: 1/1
   686 | D:1      | Reached XP level 3. HP: 30/30 MP: 2/2
   946 | D:2      | Noticed a sky beast
   959 | D:2      | Slain by a sky beast

Illustrated notes

Levels and vault maps discovered:
D:1:      mainiacjoe_arrival_reflecting_pool, layout_basic, serial_forest,
          infiniplex_forest_side_room, infiniplex_forest_lined_3,
          infiniplex_forest_3_way, infiniplex_forest_end_double,
          infiniplex_forest_lined_corner, infiniplex_forest_clump_cross,
          infiniplex_forest_lined_3_way, infiniplex_forest_lined_room_,
          minmay_tromino_v2
D:2:      layout_loops_ring, ebering_ecumenical_altar_abandoned

Skill      XL: |  1 |
---------------+----+-----
Dodging        | 3 |  3.1
Fighting       | |  2.3
Throwing       | |  1.9
Armour         | |  0.2
Stealth        | |  0.2
Unarmed Combat | |  3.8

Action                   || total
-------------------------++-------
Melee: Unarmed           ||    48
  Use: Scroll            ||     2
Armor: Leather armour    ||     9
Dodge: Dodged            ||    45

Table legend: (Time is in decaauts)
 A = Elapsed time spent in this place.
 B = Non-inter-level travel time spent in this place.
 C = Inter-level travel time spent in this place.
 D = Time resting spent in this place.
 E = Time spent auto-exploring this place.
 F = Levels seen in this place.
 G = Mean time per level.
                   A        B        C        D        E       F      G
               +--------+--------+--------+--------+--------+-----+--------+
         Total |    955 |    139 |    816 |      0 |      0 |   2 |  477.5 |
       Dungeon |    955 |    139 |    816 |      0 |      0 |   2 |  477.5 |
               +--------+--------+--------+--------+--------+-----+--------+

Top non-repeatable levels by time:
     D:1: 943 daAuts
     D:2: 12 daAuts
